 Dungeon Crawl Stone Soup version 0.30.1-11-g7821555f0a (webtiles) character file.

Game seed: 11561065055911236167

483 Ijustatesigmund the Firebug (level 7, 0/40 HPs)
             Began as a Tengu Fire Elementalist on Dec 15, 2023.
             Slain by a gnoll
             ... wielding a +0 spear
              (1 damage)
             ... on level 4 of the Dungeon.
             The game lasted 00:12:33 (5279 turns).

Ijustatesigmund the Firebug (TeFE)                  Turns: 5279, Time: 00:12:34

Health: 0/40       AC:  2    Str: 12    XL:     7   Next: 12%
Magic:  10/14      EV: 14    Int: 17    God:
Gold:   204        SH:  0    Dex: 13    Spells: 7/14 levels left

rFire   . . .        f - +2 whip (vamp)
rCold   . . .        (no shield)
rNeg    . . .        o - +0 robe
rPois   .            (helmet restricted)
rElec   .            (no cloak)
rCorr   .            (no gloves)
SInv    .            (boots unavailable)
Will    .....        g - amulet of magic regeneration
Stlth   ++           (no ring)
HPRegen 0.26/turn    (no ring)
MPRegen 0.54/turn

%: no passive effects
@: flying quickly and evasively, quick
A: beak, talons 3, nimble flight, strong 1, sturdy frame 1
a: no special abilities


You were on level 4 of the Dungeon.
You visited 1 branch of the dungeon, and saw 4 of its levels.
You also visited: Sewer.

You collected 204 gold pieces.

Inventory:

Hand Weapons
 d - a +6 dagger of speed
 f - a +2 vampiric whip (weapon)
Armour
 a - +0 swamp dragon scales
 h - a +2 leather armour of poison resistance
 o - a +0 robe (worn)
Jewellery
 g - an amulet of magic regeneration (around neck)
Scrolls
 c - 2 scrolls of amnesia
 j - 2 scrolls of immolation
Potions
 b - 2 potions of magic
 e - a potion of cancellation
 k - 2 potions of might
 l - a potion of brilliance


   Skills:
 - Level 2.0 Fighting
 + Level 2.9 Armour
 - Level 2.1 Dodging
 - Level 2.0 Stealth
 + Level 4.0 Spellcasting
 + Level 3.5 Conjurations
 + Level 5.4 Fire Magic


You had 7 spell levels left.
You knew the following spells:

 Your Spells              Type           Power      Damage    Failure   Level
a - Foxfire               Conj/Fire      72%        2x1d7     2%          1
b - Scorch                Fire           42%        2d6       2%          2
c - Flame Wave            Conj/Fire      18%        2d7       24%         4

Your spell library contained the following spells:

 Spells                   Type           Power      Damage    Failure   Level
 Magic Dart               Conj           60%        1d6       3%          1
 Searing Ray              Conj           30%        2d5       5%          2
 Inner Flame              Hex/Fire       12%        N/A       16%         3
 Volatile Blastmotes      Fire/Tloc      24%        2d12      16%         3
 Fulminant Prism          Conj/Hex       4%         3d5       58%         4


Dungeon Overview and Level Annotations

Branches:
Dungeon (4/15)              Sewer (visited)
 Temple: D:4-7

Altars:


Innate Abilities, Weirdness & Mutations

You have a beak for a mouth.
You have claws for feet.
Your magical nature lets you fly swiftly and evasively.
Your muscles are strong. (Str +4, Int/Dex -1)
Your movements are slightly less encumbered by armour. (ER -2)


Message History

You start resting.
HP restored.
You start waiting.
Done waiting.
This spell is quite dangerous to cast!
Memorise Flame Wave, consuming 4 spell levels and leaving 7?
You start memorising the spell.
You continue memorising. x4
You finish memorising.
Spell assigned to 'c'.
You fly downwards.
The gnoll barely misses you. The gnoll hits you with a +0 club.
There is a stone staircase leading up, spattered with blood here.
Casting: Scorch (safe; 2% risk of failure)
Confirm with . or Enter, or press ? or * to list all spells.
Flames lash the gnoll.
The gnoll is almost dead.
The gnoll's fire resistance burns away.
The gnoll hits you with a +0 club. x2
The gnoll closely misses you. The gnoll hits you with a +0 club!
Casting: Scorch (safe; 2% risk of failure)
Confirm with . or Enter, or press ? or * to list all spells.
Flames lash the gnoll.
The gnoll is burned terribly!
You kill the gnoll!
The gnoll hits you with a +0 club. The gnoll barely misses you.
Casting: Scorch (safe; 2% risk of failure)
Confirm with . or Enter, or press ? or * to list all spells.
Flames lash the gnoll.
The gnoll is moderately wounded.
The gnoll's fire resistance burns away.
The gnoll hits you with a +0 club.
* * * LOW HITPOINT WARNING * * *
The gnoll hits you with a +0 club!
* * * LOW HITPOINT WARNING * * *
Casting: Scorch (safe; 2% risk of failure)
Confirm with . or Enter, or press ? or * to list all spells.
Flames lash the gnoll.
The gnoll is burned terribly!
The gnoll is almost dead.
The gnoll misses you. x2
The gnoll hits you with a +0 club.
* * * LOW HITPOINT WARNING * * *
The gnoll hits you from afar with a +0 spear.
You die...

....... ...g... ..>g...
S.....# .# g# g##
#..################# ..#
#......#.)........### #.#
######..g@.......... #g#
###..........#.. #.#
##g........[..#
#.############...........#
.......g..g....##....####
........########..##.#
........# ###.###.#
........# #...# #.#
...#.#### ##.#####.#


You could see 2 gnolls.

Vanquished Creatures
  Duvessa (D:4)
  Dowan (D:4)
  An orc wizard (D:3)
  7 gnolls
  8 adders
  3 river rats (Sewer)
  7 worms
  2 dart slugs
  6 orcs
  13 bats
  4 endoplasms
  5 giant cockroaches (Sewer)
  12 goblins
  9 hobgoblins
  7 jackals (Sewer)
  4 quokkas
  11 ball pythons
  4 frilled lizards
  5 kobolds
  9 rats
119 creatures vanquished.

Vanquished Creatures (others)
  263 foxfires
263 creatures vanquished.

Grand Total: 382 creatures vanquished

Notes
Turn   | Place    | Note
-------+----------+-------------------------------------------
     0 | D:1      | Ijustatesigmund the Tengu Fire Elementalist began the quest
                  | for the Orb.
     0 | D:1      | Reached XP level 1. HP: 10/10 MP: 4/4
   134 | D:1      | Found a faded altar of an unknown god.
   145 | D:1      | Reached XP level 2. HP: 8/16 MP: 0/6
   260 | D:1      | Learned a level 2 spell: Scorch
   483 | D:1      | Reached skill level 1 in Fighting
   593 | D:1      | Reached XP level 3. HP: 20/20 MP: 2/7
  1813 | D:2      | Identified the +8 sling of Dofic {drain, rElec Str+3}
  2117 | D:2      | Reached XP level 4. HP: 25/25 MP: 5/8
  2349 | D:3      | Reached skill level 4 in Fire Magic
  3343 | D:3      | Gained mutation: Your magical nature lets you fly swiftly
                  | and evasively. [Tengu growth]
  3343 | D:3      | Reached XP level 5. HP: 30/30 MP: 10/10
  3895 | D:4      | Noticed Duvessa
  3908 | D:4      | Found a glowing drain.
  3922 | Sewer    | Entered a sewer
  3946 | Sewer    | HP: 1/30 [jackal (2)]
  4210 | Sewer    | Reached skill level 1 in Armour
  4299 | Sewer    | Reached XP level 6. HP: 35/35 MP: 10/12
  4926 | D:4      | Killed Duvessa
  4927 | D:4      | Reached skill level 5 in Fire Magic
  4940 | D:4      | Noticed Dowan
  4948 | D:4      | Gained mutation: Your muscles are strong. (Str +4, Int/Dex
                  | -1) [potion of mutation]
  4948 | D:4      | Gained mutation: Your movements are slightly less
                  | encumbered by armour. (ER -2) [potion of mutation]
  4952 | D:4      | Killed Dowan
  4953 | D:4      | Reached XP level 7. HP: 20/40 MP: 12/14
  5270 | D:3      | Learned a level 4 spell: Flame Wave
  5279 | D:4      | HP: 1/40 [gnoll/+0 club (3)]
  5279 | D:4      | Slain by a gnoll

Illustrated notes

Levels and vault maps discovered:
D:1:      lemuel_arrival_lava_pool, layout_rooms, ebering_ecumenical_altar_box
D:2:      layout_loops_corners
D:3:      layout_basic, chequers_serial_rivers_large_b
D:4:      layout_rooms, portal_sewer_entry_a, uniq_duvessa

Skill      XL: |  1  2  3  4  5  6 |
---------------+-------------------+-----
Conjurations   | 2 3 |  3.5
Fighting       | 1 2 |  2.0
Fire Magic     | 4 5 |  5.4
Spellcasting   | 3 4 |  4.0
Armour         | 1 2 |  2.9
Dodging        | |  2.1
Stealth        | |  2.0

Action                     |  1- 3 |  4- 6 |  7- 9 || total
---------------------------+-------+-------+-------++-------
  Melee: Whip              |     4 |     7 |       ||    11
         Kick              |     1 |       |       ||     1
         Peck              |       |     1 |       ||     1
   Cast: Foxfire           |    53 |    97 |     4 ||   154
         Scorch            |    11 |    26 |     7 ||    44
    Use: Scroll            |     2 |    10 |       ||    12
         Potion            |       |     8 |       ||     8
 Armour: Robe              |     7 |     7 |       ||    14
         Skin              |       |    11 |       ||    11
  Dodge: Dodged            |    13 |    51 |     7 ||    71
